 Dungeon Crawl Stone Soup version 0.26.0-15-gc6cd9f700b (webtiles) character file.

Game seed: 6894508690418464848

5936 lastplaneout the Cleaver (level 10, -12/91 HPs)
             Began as a Hill Orc Fighter on Jan 16, 2021.
             Was a Priest of Beogh.
             Killed from afar by Erica (31 damage)
             ... with a lance of force
             ... on level 1 of the Lair of Beasts.
             The game lasted 00:24:04 (12860 turns).

lastplaneout the Cleaver (Hill Orc Fighter)        Turns: 12860, Time: 00:24:07

Health: -12/91     AC: 10    Str: 23    XL:     10   Next: 83%
Magic:  10/10      EV:  8    Int:  8    God:    Beogh [***...]
Gold:   688        SH: 11    Dex: 10    Spells: 9/9 levels left

rFire    + . .     SeeInvis .   a - +0 war axe
rCold    . . .     Faith    .   c - +0 kite shield
rNeg     + . .     Spirit   .   b - +0 scale mail
rPois    .         Reflect  .   C - +2 hat
rElec    .         Harm     +   F - scarf {harm}
rCorr    .         Rampage  .   (no gloves)
Will     .....                  (no boots)
Stlth    ..........             (no amulet)
HPRegen  0.25/turn              g - ring of protection from fire
MPRegen  0.12/turn              r - ring of positive energy

@: lethally poisoned (-12 -> -23), slowed, very slow
A: no striking features
a: Renounce Religion, Smiting


You were on level 1 of the Lair of Beasts.
You worshipped Beogh.
Beogh was most pleased with you.
You visited 2 branches of the dungeon, and saw 12 of its levels.

You collected 688 gold pieces.

Inventory:

Hand Weapons
 a - a +0 war axe (weapon)
 e - a +2 vorpal spear
Armour
 b - a +0 scale mail (worn)
 c - a +0 kite shield (worn)
 C - a +2 hat (worn)
 F - a scarf of harm (worn)
Jewellery
 g - a ring of protection from fire (left hand)
 r - a ring of positive energy (right hand)
 E - an uncursed ring of magical power {unknown}
Wands
 l - a wand of polymorph (9)
 s - a wand of paralysis (7)
 v - a wand of acid (16)
 y - a wand of digging (6)
 A - a wand of iceblast (12)
 I - a wand of disintegration (9)
Scrolls
 i - 7 scrolls of teleportation
 o - 5 scrolls of remove curse
 q - 4 scrolls of enchant weapon {unknown}
 t - a scroll of fog {unknown}
 u - 5 scrolls of magic mapping {unknown}
 x - 4 scrolls of enchant armour {unknown}
 B - 2 scrolls of amnesia {unknown}
 D - a scroll of random uselessness {unknown}
 G - a scroll of torment {unknown}
 J - 2 scrolls of identify
 K - a scroll of immolation {unknown}
Potions
 d - 2 potions of might
 f - 2 potions of resistance
 h - 5 potions of curing
 j - a potion of ambrosia {unknown}
 m - 4 potions of cancellation
 n - 2 potions of mutation
 p - 3 potions of brilliance
 w - 4 potions of lignification
 z - a potion of magic {unknown}
 H - a potion of flight {unknown}


   Skills:
 + Level 9.1 Fighting
 - Level 12.0 Axes
 + Level 9.4 Armour
 + Level 8.9 Shields
 - Level 0.7 Invocations


You had 9 spell levels left.
You didn't know any spells.
Your spell library contained the following spells:

 Spells                   Type           Power        Failure   Level
 Magic Dart               Conj           0%           90%         1
 Blink                    Tloc           N/A          97%         2
 Call Imp                 Summ           0%           97%         2
 Slow                     Hex            0%           97%         2
 Conjure Flame            Conj/Fire      0%           99%         3
 Mephitic Cloud           Conj/Pois/Air  0%           99%         3


Dungeon Overview and Level Annotations

Branches:
Dungeon (11/15)            Temple (0/1) D:5            Lair (1/6) D:9
    Orc: D:9-12

Altars:
Cheibriados
Dithmenos
Elyvilon
Makhleb
Ru
Sif Muna
Trog
Xom
Yredelemnul
Zin

Annotations:
D:10 1 runed translucent door
D:11 Sonja
Lair:1 Erica


Message History

You block Erica's attack. The wolf bites you.
The wolf bites you but does no damage.
You closely miss Erica. You slash the wolf!
You kill the wolf!
Beogh accepts your kill.
You miss the wolf.
You feel sick. The wolf bites you.
Erica points at you and mumbles some strange words.
The bolt of poison hits you!!
You are more poisoned.
* * * LOW HITPOINT WARNING * * *
The wolf barely misses you. The wolf closely misses you.
Erica screams, "Do you want it fast or slow?!"
You block Erica's attack.
You feel much better.
You feel sick. The wolf bites you!
* * * LOW HITPOINT WARNING * * *
You block the wolf's attack. The wolf bites you but does no damage.
The wolf closely misses you. Erica casts a spell at you.
The lance of force hits you!!
You die...

....# .....# ##...
......####### .#...
............#####...#
#......##.#.#..[...
...hh....#.....#
#h@#.8......####
#@..........#.#
.#.####h..#........##
..........#.........#
...8....##..#.......##
....$..##..###.......#
.8...8.#.###
#.......## .......##
###......# ...8...
##...... .......
#...<..


You could see Erica and 4 wolves.

Vanquished Creatures
  A centaur zombie (D:10)
  A troll (D:9)
  A slime creature (D:10)
  A spriggan (D:10)
  Eustachio (D:6)
  9 yaks
  A water moccasin (D:10)
  An orc warrior (D:9)
  A phantom (D:7)
  2 sky beasts
  2 ogres
  A wolf (Lair:1)
  A centaur (D:10)
  3 bullfrogs
  2 gnoll sergeants
  A scorpion (D:5)
  A water moccasin skeleton (D:5)
  3 wights (D:9)
  2 howler monkeys (D:7)
  A lava snake (D:8)
  3 crimson imps (D:5)
  An orc priest (D:10)
  A jelly (D:9)
  3 orc wizards
  A bullfrog zombie (D:5)
  A bullfrog skeleton (D:5)
  9 hounds
  4 centaur skeletons
  3 worker ants
  A hound skeleton (D:8)
  2 worker ant zombies
  10 adders
  19 gnolls
  4 shadow imps
  2 white imps
  2 ufetubi
  2 oozes
  3 adder skeletons
  2 dart slugs
  7 leopard geckos
  17 orcs
  7 bats
  3 giant cockroaches
  8 goblins
  7 hobgoblins
  4 jackals (D:3)
  4 quokkas
  A ball python (D:6)
  4 frilled lizards
  A jackal skeleton (D:4)
  9 kobolds
  A leopard gecko skeleton (D:4)
  A quokka skeleton (D:7)
  8 rats
191 creatures vanquished.

Vanquished Creatures (collateral kills)
  2 slime creatures (D:10)
  A vampire (D:10)
  3 yaks (D:10)
  2 hounds
  A worker ant (D:10)
  2 adders (D:10)
  A shadow imp (D:10)
  2 orcs (D:9)
14 creatures vanquished.

Vanquished Creatures (others)
  An orc wizard (D:10)
  An orc priest (D:9)
  2 orcs
  A bat (D:3)
  A plant (Lair:1)
6 creatures vanquished.

Grand Total: 211 creatures vanquished

Notes
Turn   | Place    | Note
-------+----------+-------------------------------------------
     0 | D:1      | lastplaneout the Hill Orc Fighter began the quest for the
                  | Orb.
     0 | D:1      | Reached XP level 1. HP: 19/19 MP: 1/1
   143 | D:1      | Reached skill level 3 in Axes
   381 | D:1      | Reached XP level 2. HP: 26/26 MP: 2/2
   595 | D:1      | Reached skill level 4 in Axes
   877 | D:2      | Reached XP level 3. HP: 25/31 MP: 3/3
   961 | D:2      | Reached skill level 5 in Axes
  1280 | D:2      | Found a shadowy altar of Dithmenos.
  1390 | D:2      | Reached XP level 4. HP: 32/39 MP: 4/4
  1910 | D:2      | Found a burning altar of Makhleb.
  1910 | D:2      | Noticed a blizzard demon
  1914 | D:2      | Noticed a ynoxinul
  1914 | D:2      | Noticed an orange demon
  2069 | D:3      | Reached skill level 6 in Axes
  2088 | D:3      | Found a bloodstained altar of Trog.
  2341 | D:3      | Became a worshipper of Beogh the Brigand
  2494 | D:3      | Reached XP level 5. HP: 40/45 MP: 5/5
  2869 | D:4      | Reached skill level 7 in Axes
  3320 | D:4      | Reached skill level 8 in Axes
  3320 | D:4      | Reached XP level 6. HP: 48/51 MP: 6/6
  3333 | D:4      | Reached * piety under Beogh
  3718 | D:4      | Reached skill level 9 in Axes
  4112 | D:5      | Entered Level 5 of the Dungeon
  4131 | D:5      | Reached XP level 7. HP: 50/57 MP: 7/7
  4254 | D:5      | Reached skill level 10 in Axes
  4656 | D:5      | Found a staircase to the Ecumenical Temple.
  4769 | D:5      | Found a shimmering altar of Xom.
  4807 | D:5      | Paralysed by a crimson imp for 7 turns
  4831 | D:5      | Reached skill level 11 in Axes
  5342 | D:6      | Noticed Eustachio
  5427 | D:6      | Killed Eustachio
  5428 | D:6      | Reached XP level 8. HP: 47/64 MP: 8/8
  5796 | D:6      | Reached skill level 12 in Axes
  5882 | D:6      | Found a glowing silver altar of Zin.
  6596 | D:7      | Reached ** piety under Beogh
  6858 | D:7      | Reached skill level 5 in Armour
  7534 | D:7      | Reached skill level 5 in Fighting
  7647 | D:7      | Reached XP level 9. HP: 67/74 MP: 9/9
  7648 | D:7      | Reached skill level 5 in Shields
  7933 | D:8      | Found a basalt altar of Yredelemnul.
  7934 | D:8      | Found a white marble altar of Elyvilon.
  7937 | D:8      | Found a snail-covered altar of Cheibriados.
  8676 | D:9      | HP: 2/75 [yak (12)]
  8946 | D:9      | HP: 2/78 [gnoll/+0 flail (10)]
  9266 | D:9      | Found a staircase to the Lair.
  9590 | D:9      | Found a sacrificial altar of Ru.
  9674 | D:9      | Noticed a troll
  9683 | D:9      | Killed a troll
 10152 | D:9      | Reached XP level 10. HP: 86/86 MP: 10/10
 10162 | D:9      | Reached *** piety under Beogh
 10566 | D:9      | Found a shimmering blue altar of Sif Muna.
 10745 | D:10     | Entered Level 10 of the Dungeon
 11749 | D:10     | Found a runed translucent door.
 11749 | D:10     | Noticed a fire dragon
 11749 | D:10     | Noticed a storm dragon
 11749 | D:10     | Noticed a fire dragon
 11752 | D:10     | Noticed a wolf spider
 11752 | D:10     | Noticed a deep troll
 11752 | D:10     | Noticed a war gargoyle
 11752 | D:10     | Noticed a phantasmal warrior
 11752 | D:10     | Noticed a wolf spider
 12169 | D:11     | Noticed Sonja
 12828 | Lair:1   | Entered Level 1 of the Lair of Beasts
 12846 | Lair:1   | Noticed Erica
 12859 | Lair:1   | HP: 3/91 [Erica/bolt of poison (32)]
 12860 | Lair:1   | Killed from afar by Erica

Illustrated notes

Levels and vault maps discovered:
D:1:      sevenhm_arrival_forest_fort_small_3, layout_loops_ring
D:2:      layout_basic, makhleb_altar_promises_db, serial_corexii_hall,
          corexii_hall_statues_s, corexii_hall_statues_i,
          chequers_hall_statues_wall_a, chequers_hall_statues_wall_a,
          nicolae_dithmenos_shadow_blocks
D:3:      layout_basic, bloody_trog, chequers_serial_rivers_micro_d
D:4:      layout_basic
D:5:      layout_loops_ring, minmay_temple_entry_gardened_gates, led_xom_imps
D:6:      layout_loops_corners, lemuel_round_altar, uniq_eustachio
D:7:      layout_basic
D:8:      layout_gridville, chequers_temple_overflow_statue_of_worship,
          wad_floor_pattern_untrapped, kennysheep_cluttered_room
D:9:      layout_loops_corners, nicolae_ru_great_annihilating_truth,
          nicolae_overflow_hidden_temple, lair_entry_dummy, serial_glass,
          glass_columns_b, glass_columns_b, dk_noncrumbling_4
D:10:     minmay_gate_of_8, layout_long_grid, the_bakery
D:11:     layout_big_octagon, uniq_sonja
Lair:1:   layout_cave_pods, gauntlet_entry_generic, grunt_megastairs_4,
          uniq_erica

Skill      XL: |  1  2  3  4  5  6  7  8  9 10 |
---------------+-------------------------------+-----
Axes           | 3 4 5 6 8 9 11 12 | 12.0
Armour         | 5 7 9 |  9.4
Fighting       | 5 7 9 |  9.1
Shields        | 4 7 8 |  8.9
Invocations    | |  0.7

Action                   |  1- 3 |  4- 6 |  7- 9 | 10-12 || total
-------------------------+-------+-------+-------+-------++-------
Melee: War axe           |    92 |   157 |   470 |   120 ||   839
Invok: Convert to Beogh  |       |     1 |       |       ||     1
       Smiting           |       |       |     1 |       ||     1
  Use: Scroll            |       |     4 |    11 |       ||    15
       Potion            |       |       |     7 |     1 ||     8
 Stab: Paralysed         |       |       |     1 |       ||     1
       Distracted        |       |       |       |     1 ||     1
Armor: Scale mail        |    52 |    61 |   169 |    53 ||   335
Dodge: Dodged            |    45 |    57 |   131 |    39 ||   272
Block: Kite shield       |    64 |    73 |   212 |    73 ||   422
